Map: Ulrena

Players

SorryBadBeat - Winner!

  • Race: Terran Terran
  • League: Bronze

juhyg

  • Race: Zerg Zerg

VOD

Have the link to the VOD?

Description

Time

  • Played on: Feb. 4, 2016, 10:32 p.m.
  • Length: 7:40
Show
View Real Time Build Order
Export as new Build Order

SorryBadBeat Terran - Winner!

Build Orders:  

Get SALT Encoding   

  12  0:08  Supply Depot  
  12  0:13  SCV  
  13  0:25  SCV  
  14  0:33  Barracks  
  14  0:37  SCV  
  15  0:52  Barracks  
  15  0:53  SCV  
  16  1:05  SCV  
  16  1:11  Supply Depot  
  17  1:17  SCV  
  18  1:21  Marine  
  20  1:35  Orbital Command  
  20  1:38  Marine  
  20  1:44  Barracks  
  20  1:48  Refinery  
  20  1:51  Marine  
  21  2:03  Marine  
  22  2:11  Barracks  
  22  2:13  SCV  
  23  2:18  Marine  
  23  2:21  Marine  
  25  2:25  SCV  
  26  2:30  Supply Depot  
  26  2:34  Marine  
  26  2:36  Marine  
  28  2:42  Marine  
  29  2:50  Engineering Bay  
  29  2:52  Marine  
  30  3:00  Barracks  
  30  3:02  Marine x3  
  33  3:09  Marine  
  34  3:19  Supply Depot  
  34  3:20  Marine x3  
  37  3:27  Marine  
  38  3:38  Marine  
  38  3:41  Marine  
  31  3:55  Marine x4  
  30  3:59  Marine  
  29  4:13  Marine x4  
  29  4:16  Marine  
  34  4:19  Barracks  
  34  4:24  Barracks  
  34  4:30  Supply Depot, Marine  
  35  4:34  Marine  
  36  4:43  Marine x2  
  38  4:46  Marine  
  38  4:48  Marine  
  40  4:53  Supply Depot  
  40  4:57  Marine  
  41  5:01  Marine  
  41  5:03  Terran Infantry Weapons Level 1  
  40  5:15  Marine x2  
  40  5:16  Marine x2  
  40  5:18  Marine  
  33  5:30  Marine  
  33  5:31  Marine  
  33  5:33  Marine x3  
  33  5:34  Marine  
  39  5:36  Marine  
  39  5:40  Refinery  
  40  5:48  Marine x2  
  42  5:51  Marine x4  
  47  6:00  Barracks Tech Lab  
  46  6:06  Marine x2  
  46  6:09  Marine x3  
  46  6:10  Marine  
  52  6:18  Marine  
  52  6:24  Marine x2  
  55  6:26  Marine  
  55  6:31  Marine x2  
  58  6:33  Marine  
  59  7:08  Marine x6  
  60  7:09  Marine  
Show
View Real Time Build Order
Export as new Build Order

juhyg Zerg 

Build Orders: Pool First 

Get SALT Encoding   

  12  0:20  Spawning Pool  
  11  0:25  Overlord  
  11  0:31  Drone  
  12  0:35  Drone  
  12  0:41  Drone  
  14  0:48  Drone  
  15  1:00  Drone  
  16  1:11  Queen  
  16  1:13  Drone  
  16  1:16  Extractor  
  18  1:21  Drone  
  19  1:39  Drone  
  20  1:43  Drone  
  21  2:01  Zergling x2  
  21  2:04  Overlord  
  22  2:17  Overlord  
  22  2:22  Zergling x2  
  23  2:23  Zergling x4  
  23  2:26  Metabolic Boost  
  25  2:54  Zergling x10  
  25  2:55  Zergling x2  
  30  3:07  Zergling x2  
  31  3:16  Drone  
  32  3:32  Overlord  
  32  3:36  Overlord x3  
  29  3:52  Zergling x2  
  23  4:15  Zergling x8  
  23  4:16  Zergling x2  
  28  4:24  Roach Warren  
  28  4:25  Extractor  
  26  4:32  Zergling x2  
  27  4:44  Zergling x2  
  27  4:45  Zergling x6  
  31  4:58  Zergling x4  
  31  5:15  Roach x4  
  34  5:26  Roach  
  36  5:38  Drone, Hatchery  
  36  5:48  Roach x3  
  42  5:54  Roach  
  44  6:02  Lair  
  44  6:05  Roach  
  46  6:25  Roach x3  
  52  6:29  Spore Crawler  
  51  6:34  Roach  
  53  6:49  Roach  
  53  6:53  Roach x2  
  49  7:15  Roach x6  
Tags
 
League
Bronze
Matchup
TvZ
Opening
Pool First
Add a new tag
Caveats
  • Supply blocks, unpowered buildings, or Contaminate may cause inaccurate times.
  • Supply counts are checked every 10 seconds.